 Dungeon Crawl Stone Soup version 0.31-a0-590-g8a5a4361df (webtiles) character file.

Game seed: 9972226570529403608

3476 dialectric the Grappler (level 10, -12/65 HPs)
             Began as an Octopode Shapeshifter on Aug 19, 2023.
             Was an Elder of Wu Jian.
             Mangled by a yak (15 damage)
             ... on level 1 of the Lair of Beasts.
             The game lasted 00:08:35 (7639 turns).

dialectric the Grappler (Octopode Shapeshifter)     Turns: 7639, Time: 00:08:35

Health: -12/65     AC:  5    Str: 19    XL:     10   Next: 6%
Magic:  10/10      EV: 14    Int: 10    God:    Wu Jian [****..]
Gold:   398        SH:  0    Dex: 13    Spells: 9/9 levels left

rFire   . .          .
                       - Unarmed
rCold   . . .        (no shield)
rNeg    . . .        (helmet currently unavailable)
rPois   +            (no amulet)
rElec   .            (no ring)
rCorr   .            e - +4 ring of protection
SInv    .            k - ring of poison resistance
Will    .....        (no ring)
Stlth   ++++         (no ring)
HPRegen 0.30/turn    (no ring)
MPRegen 0.12/turn    (no ring)
                     (no ring)

%: no passive effects
@: beast-form
A: beast (slay +3), almost no armour, amphibious, 8 rings, camouflage 1,
gelatinous body 1, (nimble swimmer 1), tentacles, mutation resistance 1
a: Begin Untransformation, Renounce Religion, Wall Jump, Serpent's Lash


You were on level 1 of the Lair of Beasts.
You worshipped Wu Jian.
Wu Jian was greatly pleased with you.
You were a hulking beast.
You visited 2 branches of the dungeon, and saw 10 of its levels.

You collected 398 gold pieces.

Inventory:

Missiles
 m - 36 poisoned darts (quivered)
Jewellery
 d - a ring of fire
 e - a +4 ring of protection (right tentacle)
 k - a ring of poison resistance (on tentacle)
Talismans
 b - a beast talisman (active)
 c - a flux talisman
Wands
 i - a wand of paralysis (1)
 u - a wand of flame (15)
Scrolls
 a - 6 scrolls of identify
 f - 3 scrolls of vulnerability
 l - a scroll of summoning {unknown}
 n - 3 scrolls of teleportation
 s - a scroll of poison {unknown}
Potions
 g - 3 potions of degeneration
 h - a potion of ambrosia {unknown}
 p - 3 potions of enlightenment
 q - a potion of curing
 r - a potion of brilliance {unknown}
 t - 2 potions of haste
 v - 2 potions of attraction {unknown}


   Skills:
 * Level 4.8 Fighting
 + Level 4.5 Dodging
 - Level 5.3 Stealth
 + Level 10.7 Unarmed Combat
 + Level 5.7 Shapeshifting


You had 9 spell levels left.
You didn't know any spells.
Your spell library contained the following spells:

 Spells                   Type           Power      Damage    Failure   Level
 Summon Small Mammal      Summ           0%         N/A       36%         1
 Call Canine Familiar     Summ           0%         N/A       75%         3
 Summon Guardian Golem    Hex/Summ       0%         N/A       75%         3


Dungeon Overview and Level Annotations

Branches:
Dungeon (9/15)             Temple (0/1) D:4            Lair (1/5) D:9
    Orc: D:9-12

Altars:
Elyvilon
Makhleb
Nemelex Xobeh
Wu Jian
Xom
The Shining One

Shops:
D:7 (

Annotations:
D:2 1 runed translucent door, Crazy Yiuf


Innate Abilities, Weirdness & Mutations

You are a hulking beast.
Your limbs bulge with bestial killing power. (Slay +3)
You cannot wear most types of armour.
You are amphibious.
You can wear up to eight rings at the same time.
Your skin changes colour to match your surroundings (Stealth+).
Your rubbery body absorbs attacks. (AC +1, EV +1)
((You are camouflaged when in or above water. (Stealth+)))
You have tentacles for arms and can constrict up to eight enemies at once.
You are somewhat resistant to further mutation.


Message History

You hear a howl!
The wolf closely misses you.
Unknown command.
You tentacle-slap the wolf. You squeeze the wolf!
You kill the wolf!
The Council accepts your kill.
Unknown command.
You closely miss the wolf. You grab the wolf. You squeeze the wolf.
The wolf is lightly wounded.
You constrict the wolf. The wolf bites you but does no damage.
Unknown command.
You bludgeon the wolf! You squeeze the wolf!
The wolf is almost dead.
You constrict the wolf.
You kill the wolf!
The Council accepts your kill. The wolf bites you.
Unknown command.
You spin and attack the wolf.
You miss the wolf. Your grab misses the wolf. Your squeeze misses the wolf.
The wolf bites you. x2
* * * LOW HITPOINT WARNING * * *
Things that are here:
a wolf corpse; a wolf corpse Unknown command.
You spin and attack the wolf.
You closely miss the wolf. Your grab misses the wolf. The wolf misses you.
The yak gores you!
* * * LOW HITPOINT WARNING * * *
The wolf closely misses you. The wolf attacks as you move away!
The wolf bites you but does no damage. The wolf bites you.
* * * LOW HITPOINT WARNING * * *
The yak attacks as you move away! The yak gores you but does no damage.
The wolf bites you but does no damage. The wolf bites you but does no damage.
The wolf bites you.
* * * LOW HITPOINT WARNING * * *
The wolf bites you.
* * * LOW HITPOINT WARNING * * *
The yak attacks as you move away! The yak gores you!
You die...

+....# #.......... #....#
#..........# #....##
#..........#... ##...†.#
#....##.##.#... #P....##
#..............
..###.....#######..............
........†......................
...............Y...............
#..............hh..............
#(........####+##..............
#........## ##.............
#...#....# #.##+#'P#.#...
....#....+ #..#........#..
...##....# #..#........#..
#....# ##.#...<.......
#............. #.#........#..


You could see a yak and a wolf.

Vanquished Creatures
  Grinder (D:3)
  A hornet (D:9)
  A wyvern (D:8)
  3 water moccasins
  An orc warrior (D:7)
  A sky beast (D:8)
  A black bear (D:6)
  2 ice beasts (D:7)
  4 wolves (Lair:1)
  An ogre (D:5)
  A centaur (D:6)
  A kobold brigand (D:6)
  A phantom (D:6)
  2 bullfrogs
  2 scorpions
  4 wights
  2 howler monkeys (D:8)
  A crimson imp (D:4)
  2 hounds (D:6)
  2 gnoll boudas
  3 jellies
  3 orc priests
  3 sleepcaps (D:5)
  4 iguanas
  5 orc wizards
  Natasha (twice) (D:2)
  Robin (D:4)
  9 gnolls
  10 adders
  4 shadow imps
  A white imp (D:4)
  2 worms
  2 dart slugs (D:1)
  17 orcs
  5 ball pythons
  8 bats
  9 endoplasms
  5 giant cockroaches (D:2)
  11 goblins
  8 hobgoblins
  A quokka (D:4)
  6 frilled lizards
  10 kobolds
  3 rats
166 creatures vanquished.

Notes
Turn   | Place    | Note
-------+----------+-------------------------------------------
     0 | D:1      | dialectric the Octopode Shapeshifter began the quest for
                  | the Orb.
     0 | D:1      | Reached XP level 1. HP: 13/13 MP: 1/1
   329 | D:1      | Reached XP level 2. HP: 18/18 MP: 2/2
   761 | D:1      | Reached skill level 1 in Stealth
   769 | D:1      | Reached XP level 3. HP: 12/23 MP: 3/3
   986 | D:1      | Found a faded altar of an unknown god.
   993 | D:1      | Prayed at the altar of an unknown god.
   993 | D:1      | Became a worshipper of the Wu Jian Council
   993 | D:1      | Reached * piety under Wu Jian
  1090 | D:2      | Found a burning altar of Makhleb.
  1129 | D:2      | Reached XP level 4. HP: 28/28 MP: 4/4
  1133 | D:2      | Reached skill level 4 in Unarmed Combat
  1289 | D:2      | Found a runed translucent door.
  1292 | D:2      | Noticed Crazy Yiuf
  1387 | D:2      | Noticed Natasha
  1394 | D:2      | Killed Natasha
  1395 | D:2      | Reached XP level 5. HP: 33/33 MP: 5/5
  1617 | D:2      | Noticed Natasha
  1623 | D:2      | Killed Natasha
  1820 | D:3      | Noticed Grinder
  1833 | D:3      | Killed Grinder
  1834 | D:3      | Reached skill level 5 in Unarmed Combat
  1834 | D:3      | Reached XP level 6. HP: 31/38 MP: 6/6
  1834 | D:3      | Reached ** piety under Wu Jian
  1963 | D:3      | Noticed a water moccasin
  1976 | D:3      | Killed a water moccasin
  1977 | D:3      | Reached XP level 7. HP: 43/43 MP: 7/7
  2559 | D:4      | Reached skill level 6 in Unarmed Combat
  2616 | D:4      | Noticed Robin
  2652 | D:4      | Killed Robin
  2922 | D:4      | Found a staircase to the Ecumenical Temple.
  3277 | D:5      | Entered Level 5 of the Dungeon
  3539 | D:5      | Reached skill level 5 in Stealth
  3794 | D:5      | Reached XP level 8. HP: 48/48 MP: 8/8
  3851 | D:5      | Found a glowing golden altar of the Shining One.
  3979 | D:5      | Reached skill level 7 in Unarmed Combat
  4676 | D:6      | Reached *** piety under Wu Jian
  4695 | D:6      | Reached skill level 8 in Unarmed Combat
  5160 | D:7      | Found Owkeremu's Weapon Emporium.
  5241 | D:7      | HP: 2/52 [gnoll/+0 spear[a gnoll bouda] (4)]
  5439 | D:8      | Reached XP level 9. HP: 41/57 MP: 9/9
  5517 | D:8      | Gained mutation: You are somewhat resistant to further
                  | mutation. [potion of mutation]
  5539 | D:7      | Reached skill level 5 in Shapeshifting
  5731 | D:8      | Reached skill level 9 in Unarmed Combat
  5974 | D:8      | Found a shimmering altar of Xom.
  5977 | D:8      | Found a white marble altar of Elyvilon.
  5980 | D:8      | Found a sparkling altar of Nemelex Xobeh.
  5983 | D:8      | Found a burning altar of Makhleb.
  7260 | D:9      | Found a staircase to the Lair.
  7339 | D:9      | Noticed a hornet
  7343 | D:9      | Reached **** piety under Wu Jian
  7343 | D:9      | Paralysed by a hornet for 2 turns
  7386 | D:9      | Killed a hornet
  7387 | D:9      | Reached skill level 10 in Unarmed Combat
  7570 | Lair:1   | Entered Level 1 of the Lair of Beasts
  7613 | Lair:1   | Reached XP level 10. HP: 33/65 MP: 10/10
  7632 | Lair:1   | HP: 3/65 [wolf (5)]
  7637 | Lair:1   | HP: 3/65 [wolf (1)]
  7639 | Lair:1   | Mangled by a yak

Illustrated notes

Levels and vault maps discovered:
D:1:      minmay_arrival_up_and_down, layout_loops_corners,
          dilly_ecumenical_altar_fadedgnrine, st_stairs_12, minmay_pentomino_v2
D:2:      layout_basic, basic_altar, uniq_crazy_yiuf_cottage, uniq_natasha
D:3:      layout_basic, serial_bayou, serial_bayou_pond_b,
          serial_bayou_lagoon_a, serial_bayou_pond_a, serial_bayou_pond_b,
          serial_bayou_pond_e, serial_bayou_shore_b, uniq_grinder
D:4:      layout_loops_ring, minmay_temple_entry_nine_rooms,
          minmay_fire_ice_demons, uniq_robin
D:5:      layout_basic, tso_altar, hellmonk_no_cap
D:6:      layout_cave_pods, eino_small_chamber_without_monster,
          nicolae_houndstooth_variations
D:7:      layout_layer_cave, serial_shops, shop
D:8:      layout_rooms, grunt_temple_overflow_cloverleaf
D:9:      minmay_the_grid_triangle_9x9_recursive_2_mashed
          [minmay_the_grid_triangle_9x9_prize_center,
          minmay_the_grid_triangle_9x9_alien,
          minmay_the_grid_triangle_9x9_shrine,
          minmay_the_grid_triangle_9x9_odd_lines], layout_stronghold,
          lair_entry_dummy
Lair:1:   lemuel_ratsnest, layout_regular_city, st_stairs_5, beast_lair_carwin_5

Skill      XL: |  1  2  3  4  5  6  7  8  9 |
---------------+----------------------------+-----
Stealth        | 1 2 3 5 |  5.3
Unarmed Combat | 4 5 6 8 10 | 10.7
Shapeshifting  | 4 5 |  5.7
Dodging        | 3 4 |  4.5
Fighting       | 3 4 |  4.8

Action                     |  1- 3 |  4- 6 |  7- 9 | 10-12 || total
---------------------------+-------+-------+-------+-------++-------
  Melee: Unarmed           |    46 |    68 |   248 |     7 ||   369
         Constrict         |    11 |    17 |    60 |     2 ||    90
         Tentacles         |     8 |    11 |    70 |     3 ||    92
         Punch             |     2 |       |     8 |       ||    10
  Throw: Dart              |       |     1 |     3 |       ||     4
Ability: Lunge             |     1 |     8 |    35 |       ||    44
         Whirlwind         |       |     1 |       |     2 ||     3
    Use: Potion            |       |     1 |     4 |       ||     5
         Scroll            |       |       |    12 |       ||    12
   Stab: Sleeping          |     3 |       |    14 |       ||    17
 Armour: Skin              |     3 |    13 |    36 |     5 ||    57
  Dodge: Dodged            |    21 |    45 |   117 |     5 ||   188

Table legend: (Time is in decaauts)
 A = Elapsed time spent in this place.
 B = Non-inter-level travel time spent in this place.
 C = Inter-level travel time spent in this place.
 D = Time resting spent in this place.
 E = Time spent auto-exploring this place.
 F = Levels seen in this place.
 G = Mean time per level.
                   A        B        C        D        E       F      G
               +--------+--------+--------+--------+--------+-----+--------+
         Total |   7581 |   7373 |    208 |    472 |   5673 |  10 |  758.1 |
       Dungeon |   7516 |   7308 |    208 |    472 |   5673 |   9 |  835.1 |
          Lair |     65 |     65 |      0 |      0 |      0 |   1 |   65.0 |
               +--------+--------+--------+--------+--------+-----+--------+

Top non-repeatable levels by time:
     D:7: 1569 daAuts
     D:1: 1077 daAuts
     D:5: 969 daAuts
     D:6: 866 daAuts
     D:4: 747 daAuts
     D:2: 730 daAuts
     D:3: 708 daAuts
     D:8: 549 daAuts
     D:9: 298 daAuts
  Lair:1: 65 daAuts
